AoeStats
← gjorajkb

Black Forest

504270088Analyzed
4v4 RM · 28d ago on Sep 4, 2026· 44m 13s· 8 players
Game mode
Random Map
Map size
Large (8 player)
Population
200
Speed
Normal
Resources
Standard
Victory
Conquest
Starting age
Dark Age
Ending age
Imperial Age
RankedLock teamsTeams togetherTeam positionsShared explorationLock speedFull tech treeHidden civsTurbo modeCheats
Victory
Defeat
🇪🇸 Burgundians · Spain
1007
+15
🇨🇳 Bohemians · China
988
+16
🇪🇸 Inca · Spain
982
+16
🇨🇴 Teutons · Colombia
965
+17
🇭🇺 Goths · Hungary
1156
-24
🇩🇪 Romans · Germany
993
-16
🇦🇷 Celts · Argentina
915
-13
🇭🇺 Vietnamese · Hungary
862
-11
Jhoan17
10:27 Feudal Age
14:27 Castle Age
12:37 Double-Bit Axe
13:15 Loom
18:23 Wheelbarrow
18:29 Bow Saw
18:33 Horse Collar
20:45 Gold Mining
22:11 Stone Mining
25:30 Heavy Plow
26:14 Hand Cart
27:09 Stone Shaft Mining
26:48 Scale Barding Armor
26:54 Forging
28:07 Chain Barding Armor
30:37 Imperial Age
28:49 Bloodlines
30:39 Iron Casting
30:38 Cavalier
32:36 Conscription
34:05 Plate Barding Armor
33:55 Paladin
35:47 Blast Furnace
39:11 Chemistry
Jesulito123
1:05 Loom
11:28 Feudal Age
10:11 Double-Bit Axe
15:07 Castle Age
13:11 Horse Collar
13:49 Bow Saw
17:27 Horse Collar
21:57 Wheelbarrow
21:49 Heavy Plow
25:32 Two-Man Saw
25:04 Crop Rotation
24:50 Gold Mining
24:54 Stone Mining
25:20 Hand Cart
24:51 Town Watch
26:32 Two-Man Saw
30:28 Imperial Age
29:37 Gold Shaft Mining
29:37 Stone Shaft Mining
30:22 Coinage
29:53 Caravan
29:24 Cavalier
30:04 Husbandry
31:58 Conscription
32:11 Paladin
35:05 Forging
35:01 Scale Barding Armor
34:47 Fletching
36:39 Banking
37:15 Burgundian Vineyards
39:35 Iron Casting
39:20 Chain Barding Armor
38:56 Bodkin Arrow
42:09 Ballistics
42:49 Chemistry
45:25 Blast Furnace
45:00 Plate Barding Armor
44:26 Bracer
44:28 Padded Archer Armor
44:40 Masonry
AYUDA-PERÚ
0:29 Loom
12:22 Feudal Age
17:20 Castle Age
15:58 Double-Bit Axe
16:01 Horse Collar
23:29 Bow Saw
24:55 Wheelbarrow
25:11 Heavy Plow
27:46 Fletching
32:05 Imperial Age
29:56 Gold Mining
30:09 Padded Archer Armor
30:31 Ballistics
29:52 Treadmill Crane
30:58 Hand Cart
31:08 Elite Skirmisher
31:45 Bodkin Arrow
32:07 Leather Archer Armor
31:50 Murder Holes
32:45 Fortified Wall
33:31 Onager
35:56 Bracer
36:27 Ring Archer Armor
36:59 Chemistry
36:39 Crop Rotation
36:44 Gold Shaft Mining
37:22 Forging
37:07 Stone Mining
37:04 Town Watch
37:18 Crossbowman
38:03 Thumb Ring
38:29 Arbalester
39:36 Conscription
41:18 Andean Sling
41:21 Fabric Shields
44:44 Siege Engineers
45:20 Hoardings
44:06 Elite Kamayuk
明妃王樯
0:26 Loom
10:14 Feudal Age
10:42 Double-Bit Axe
10:49 Horse Collar
16:48 Castle Age
18:22 Fervor
21:17 Loom
22:08 Wheelbarrow
22:33 Bow Saw
22:24 Heavy Plow
24:36 Heavy Plow
25:37 Hand Cart
25:22 Town Watch
28:21 Caravan
31:18 Imperial Age
28:48 Town Patrol
28:45 Treadmill Crane
30:07 Chemistry
29:02 Murder Holes
29:28 Ballistics
29:18 Masonry
29:44 Forging
29:40 Scale Barding Armor
30:19 Scale Mail Armor
30:57 Fletching
31:07 Padded Archer Armor
31:44 Iron Casting
31:14 Squires
30:34 Pikeman
31:00 Arson
32:44 Conscription
32:32 Wagenburg Tactics
33:05 Chain Mail Armor
33:11 Chain Barding Armor
32:47 Bodkin Arrow
33:07 Leather Archer Armor
33:55 Two-Man Saw
32:22 Halberdier
33:38 Houfnice
35:08 Siege Engineers
35:34 Architecture
36:31 Ring Archer Armor
36:01 Bracer
37:03 Blast Furnace
36:33 Plate Mail Armor
36:39 Plate Mail Armor
44:21 Coinage
nokedliporkolttel
0:29 Loom
14:57 Feudal Age
19:46 Castle Age
19:12 Double-Bit Axe
19:09 Horse Collar
22:11 Wheelbarrow
23:07 Bow Saw
24:35 Heavy Plow
29:38 Caravan
30:52 Ballistics
32:22 Hand Cart
32:17 Stone Mining
32:18 Gold Mining
33:15 Fletching
37:18 Imperial Age
35:34 Bodkin Arrow
35:57 Fortified Wall
35:15 Elite Skirmisher
35:20 Pikeman
37:00 Squires
37:51 Imperial Skirmisher
39:56 Two-Man Saw
39:56 Halberdier
GAmERzLike
11:10 Feudal Age
12:09 Double-Bit Axe
12:05 Horse Collar
14:44 Castle Age
16:01 Bow Saw
16:39 Heavy Plow
19:18 Wheelbarrow
21:14 Town Watch
22:04 Hand Cart
21:51 Loom
23:16 Gold Mining
27:01 Imperial Age
25:23 Scale Mail Armor
25:35 Forging
26:10 Stone Mining
27:00 Gold Shaft Mining
26:43 Chain Mail Armor
26:54 Ballistics
25:59 Man-at-Arms
26:00 Pikeman
26:41 Squires
28:35 Iron Casting
27:24 Long Swordsman
29:13 Crop Rotation
28:08 Legionary
29:07 Halberdier
30:50 Blast Furnace
31:41 Chemistry
31:09 Heavy Scorpion
32:49 Town Patrol
33:13 Siege Engineers
34:58 Ballistas
35:15 Comitatenses
35:15 Conscription
38:05 Onager
38:49 Caravan
39:01 Guilds
WistfulWindow82
0:31 Loom
11:55 Feudal Age
12:27 Double-Bit Axe
12:29 Horse Collar
18:11 Castle Age
20:10 Bow Saw
20:58 Heavy Plow
20:44 Pikeman
21:16 Town Watch
28:56 Imperial Age
28:48 Forging
28:39 Scale Mail Armor
29:41 Town Patrol
30:18 Wheelbarrow
31:39 Heavy Scorpion
32:50 Ballistics
33:22 Gambesons
34:49 Conscription
35:14 Siege Engineers
35:20 Halberdier
36:58 Iron Casting
38:48 Conscription
39:36 Blast Furnace
38:55 Fletching
gjorajkb
12:52 Feudal Age
17:17 Castle Age
16:05 Double-Bit Axe
16:17 Horse Collar
18:59 Wheelbarrow
18:27 Gold Mining
24:09 Hand Cart
24:53 Caravan
26:22 Bow Saw
26:30 Fletching
26:42 Scale Mail Armor
27:02 Pikeman
28:21 Heavy Plow
28:16 Stone Mining
32:44 Imperial Age
31:47 Anarchy
32:30 Chain Mail Armor
32:32 Forging
33:41 Ballistics
33:34 Masonry
33:30 Elite Huskarl
34:39 Conscription
35:34 Perfusion
35:49 Squires
37:27 Iron Casting
39:34 Blast Furnace
38:39 Bodkin Arrow
39:17 Architecture
39:50 Chemistry
38:47 Murder Holes
39:25 Crop Rotation
40:03 Two-Man Saw
39:04 Halberdier
Connection lost

Rejoining the realm…

Still unreachable

The connection could not be restored.

Session expired

The server has moved on; the page needs a fresh start.